Map: Neon Violet Square LE

Players

Infamous

  • Race: Protoss Protoss
  • League: Gold
  • Spawn Location: 11:00

Lankonos - Winner!

  • Race: Protoss Protoss
  • League: Gold
  • Spawn Location: 5:00

VOD

Have the link to the VOD?

Description

Time

  • Played on: April 23, 2018, 2:03 p.m.
  • Length: 8:40
Show
View Real Time Build Order
Export as new Build Order

Infamous Protoss 

Build Orders:  

Get SALT Encoding   

  12  0:01  Probe  
  13  0:19  Pylon  
  13  0:20  Probe  
  14  0:32  Probe  
  15  0:40  Probe, Gateway  
  16  0:53  Probe  
  16  0:55  Assimilator  
  17  1:03  Probe  
  18  1:11  Probe  
  19  1:20  Probe  
  20  1:30  Cybernetics Core  
  21  1:40  Probe  
  21  1:41  Zealot  
  23  1:48  Warp Gate  
  22  1:55  Nexus  
  22  1:57  Probe  
  23  2:21  Pylon  
  23  2:33  Assimilator  
  23  2:39  Pylon, Stalker  
  23  2:42  Pylon  
  25  2:45  Shield Battery  
  25  2:48  Shield Battery  
  25  2:53  Probe  
  26  3:07  Probe, Robotics Facility  
  26  3:11  Probe  
  28  3:25  Probe  
  28  3:28  Gateway  
  29  3:34  Probe  
  29  3:39  Probe  
  31  3:46  Probe  
  32  3:53  Gateway  
  32  3:55  Observer  
  33  3:56  Probe  
  33  4:01  Stalker  
  36  4:07  Probe  
  36  4:09  Pylon  
  37  4:10  Immortal  
  41  4:33  Gateway, Zealot  
  41  4:34  Sentry  
  45  4:39  Probe  
  45  4:40  Probe  
  47  4:45  Assimilator  
  47  4:51  Probe  
  48  4:56  Stalker  
  48  4:58  Sentry  
  52  5:26  Stalker x2  
  45  5:51  Shield Battery  
  45  5:53  Immortal, Shield Battery  
  49  5:57  Stalker  
  51  6:14  Stalker  
  51  6:15  Stalker  
  55  6:32  Forge  
  55  6:33  Forge  
  55  6:36  Stalker  
  41  6:58  Stalker  
  41  7:13  Probe x2  
  43  7:21  Stalker x2, Assimilator  
  47  7:25  Probe x2  
  47  7:29  Stalker  
  51  7:33  Probe  
  51  7:34  Probe  
  53  7:47  Stalker  
  55  7:51  Stalker  
  55  7:53  Zealot  
  55  7:54  Zealot  
  57  8:16  Nexus  
  57  8:18  Pylon  
Show
View Real Time Build Order
Export as new Build Order

Lankonos Protoss - Winner!

Build Orders: Nexus First, Oracle Opening 

Get SALT Encoding   

  12  0:01  Probe  
  13  0:13  Probe  
  14  0:25  Probe  
  15  0:39  Pylon  
  15  0:57  Probe  
  16  1:05  Nexus  
  16  1:13  Gateway  
  16  1:21  Probe  
  17  1:33  Probe  
  17  1:39  Assimilator  
  18  1:40  Assimilator  
  18  1:45  Probe  
  19  1:57  Probe  
  19  2:00  Zealot  
  22  2:03  Pylon  
  22  2:09  Cybernetics Core  
  22  2:11  Probe  
  23  2:23  Probe  
  23  2:27  Probe  
  26  2:37  Probe  
  26  2:42  Probe, Assimilator  
  27  2:51  Stargate  
  27  2:55  Probe x2  
  29  3:01  Protoss Air Weapons Level 1  
  29  3:11  Probe x2  
  31  3:23  Probe x2  
  33  3:37  Oracle  
  36  3:48  Stargate  
  36  3:49  Probe  
  36  3:50  Probe  
  36  3:55  Assimilator  
  38  4:01  Probe  
  38  4:02  Probe  
  40  4:03  Pylon  
  40  4:05  Pylon  
  40  4:08  Pylon  
  40  4:09  Oracle  
  40  4:23  Probe  
  40  4:24  Probe  
  45  4:26  Void Ray  
  49  4:42  Void Ray  
  49  4:52  Protoss Air Armor Level 1  
  53  4:59  Probe x2  
  55  5:12  Void Ray  
  59  5:21  Nexus  
  59  5:35  Void Ray  
  59  5:42  Void Ray  
  67  6:01  Probe x2  
  69  6:07  Assimilator  
  69  6:28  Pylon  
  69  6:29  Void Ray x2  
  69  6:30  Pylon x2  
  67  7:04  Void Ray x2  
  75  7:20  Probe x3  
  78  7:39  Assimilator  
  78  7:44  Fleet Beacon  
  78  7:46  Twilight Council  
  78  7:47  Void Ray x2  
Tags
 
Add a new tag
Caveats
  • Supply blocks, unpowered buildings, or Contaminate may cause inaccurate times.
  • Supply counts are checked every 10 seconds.